 Dungeon Crawl Stone Soup version 0.31-a0-889-g1a8549509d (webtiles) character file.

Game seed: 12134391150805396457

959 Arex the Changeling (level 7, 0/60 HPs)
             Began as a Red Draconian Shapeshifter on Oct 16, 2023.
             Was an Initiate of Gozag.
             Slain by an ice beast (11 damage)
             ... on level 5 of the Dungeon.
             The game lasted 00:04:52 (2786 turns).

Arex the Changeling (Red Draconian Shapeshifter)    Turns: 2786, Time: 00:04:53

Health: 0/60       AC:  6    Str: 18    XL:     7   Next: 92%
Magic:  7/7        EV: 13    Int: 11    God:    Gozag
Gold:   350        SH:  0    Dex: 10    Spells: 6/6 levels left

rFire   + .          .
                       - Unarmed
rCold   . . .        (no shield)
rNeg    . . .        (body armour unavailable)
rPois   .            (helmet currently unavailable)
rElec   .            (cloak currently unavailable)
rCorr   .            (gloves currently unavailable)
SInv    .            (boots currently unavailable)
Will    .....        f - amulet of regeneration
Stlth   +            (no ring)
HPRegen 1.10/turn    (no ring)
MPRegen 0.10/turn

%: no passive effects
@: beast-form, gold aura, slowed, very slow
A: beast (slay +3), breathe fire, AC +6, unfitting armour, fire resistance 1,
cold-blooded
a: Breathe Fire, Begin Untransformation, Renounce Religion, Potion Petition,
Call Merchant, Bribe Branch


You were on level 5 of the Dungeon.
You worshipped Gozag.
Gozag was aware of your devotion.
You were a hulking beast.
You visited 1 branch of the dungeon, and saw 5 of its levels.

You collected 394 gold pieces.
You paid 44 gold pieces to Gozag.

Inventory:

Jewellery
 f - an amulet of regeneration (around neck)
Talismans
 b - a beast talisman (active)
 c - a flux talisman
 m - a blade talisman
Wands
 o - a wand of iceblast (3)
Scrolls
 d - a scroll of summoning {unknown}
 e - a scroll of noise {unknown}
 g - a scroll of amnesia {unknown}
 i - a scroll of teleportation
 j - a scroll of brand weapon {unknown}
 k - a scroll of blinking
Potions
 a - a potion of lignification
 h - a potion of curing {unknown}
 l - 2 potions of haste
 p - 2 potions of mutation


   Skills:
 + Level 4.7 Fighting
 + Level 4.1 Dodging
 + Level 5.2 Unarmed Combat
 * Level 5.7 Shapeshifting


You had 6 spell levels left.
You didn't know any spells.
Your spell library contained the following spells:

 Spells                   Type           Power      Damage    Failure   Level
 Gell's Gravitas          Tloc           0%         N/A       71%         3
 Teleport Other           Tloc           0%         N/A       71%         3
 Dispersal                Tloc           0%         N/A       100%        6
 Ozocubu's Refrigeration  Ice            0%         4d7       100%        7
 Polar Vortex             Ice            0%         N/A       100%        9
 Simulacrum               Ice/Necr       Unusable   N/A       N/A         6

Dungeon Overview and Level Annotations

Branches:
Dungeon (5/15)             Temple (0/1) D:4

Altars:
Cheibriados
Dithmenos
Gozag
Kikubaaqudgha
Qazlal
Ru
Xom

Annotations:
D:3 2 transporters, gelatine's ghost, amateur OpVM


Innate Abilities, Weirdness & Mutations

You are a hulking beast.
Your limbs bulge with bestial killing power. (Slay +3)
You can breathe blasts of fire.
Your fiery red scales are hard. (AC +6)
You cannot fit into any form of body armour.
Your flesh is heat resistant. (rF+)
You are cold-blooded and may be slowed by cold attacks.


Message History

You are too injured to fight recklessly!
You are too injured to fight recklessly!
You are too injured to fight recklessly!
You are too injured to fight recklessly!
You are too injured to fight recklessly!
You are too injured to fight recklessly!
You are too injured to fight recklessly!
You are too injured to fight recklessly!
You are too injured to fight recklessly!
You are too injured to fight recklessly!
You are too injured to fight recklessly!
You are too injured to fight recklessly!
You barely miss the ice beast.
The ice beast is moderately wounded.
You feel sick.
You are no longer poisoned.
The ice beast misses you.
You hit the ice beast.
You tail-slap the ice beast, but do no damage.
The ice beast is heavily wounded.
You feel yourself speed up. The ice beast barely misses you.
You hit the ice beast.
You tail-slap the ice beast, but do no damage.
The ice beast is heavily wounded.
The ice beast hits you but does no damage.
You hit the ice beast but do no damage.
The ice beast is heavily wounded.
The ice beast hits you. The ice beast freezes you!
You hit the ice beast.
The ice beast is heavily wounded.
The ice beast hits you. The ice beast freezes you!
You feel yourself slow down.
* * * LOW HITPOINT WARNING * * *
You hit the ice beast. You tail-slap the ice beast.
The ice beast is severely wounded.
The ice beast hits you.
* * * LOW HITPOINT WARNING * * *
The ice beast freezes you!
You die...
Your body crumbles into a pile of gold.

##......####...?
##........#......
#...........##..
#............... #
#............# .#
#............# #..#
#...<....$..###....#
#..........##.......
#..........#[h....>..
..............$.Y...#.#
...............#..#!#
....<............## #
.###............#.
...............#
........#..###
......#..#


You could see an ice beast.

Vanquished Creatures
  Sigmund (D:2)
  An ogre (D:4)
  A phantom (D:3)
  Blork the orc (D:4)
  A scorpion (D:5)
  4 crimson imps (D:3)
  A hound (D:3)
  A jelly (D:4)
  Jessica (D:3)
  Ijyb (D:3)
  3 iguanas
  2 orc wizards (D:4)
  5 adders
  A worm (D:3)
  4 dart slugs
  7 orcs
  8 endoplasms
  3 giant cockroaches
  7 goblins
  8 hobgoblins
  5 kobolds
  4 quokkas
  10 ball pythons
  6 bats
  2 frilled lizards
  2 rats
90 creatures vanquished.

Notes
Turn   | Place    | Note
-------+----------+-------------------------------------------
     0 | D:1      | Arex the Draconian Shapeshifter began the quest for the
                  | Orb.
     0 | D:1      | Reached XP level 1. HP: 16/16 MP: 1/1
   226 | D:1      | Reached XP level 2. HP: 23/23 MP: 2/2
   593 | D:1      | Reached XP level 3. HP: 29/29 MP: 3/3
   763 | D:2      | Found an ancient bone altar of Kikubaaqudgha.
   785 | D:2      | Noticed Sigmund
   795 | D:2      | Killed Sigmund
   796 | D:2      | Reached XP level 4. HP: 37/38 MP: 4/4
   796 | D:2      | Reached XP level 5. HP: 44/45 MP: 5/5
   889 | D:2      | Found a faded altar of an unknown god.
  1241 | D:3      | Noticed Jessica
  1260 | D:3      | Killed Jessica
  1261 | D:3      | Reached XP level 6. HP: 51/51 MP: 6/6
  1330 | D:3      | Noticed Ijyb
  1353 | D:3      | Killed Ijyb
  1379 | D:3      | Identified the +7 dire flail "Fynugoce" {heavy, rElec rPois
                  | SInv}
  1379 | D:3      | Noticed gelatine's ghost (amateur OpVM)
  1389 | D:3      | Found a snail-covered altar of Cheibriados.
  1439 | D:3      | Found a shimmering altar of Xom.
  1490 | D:3      | Found a transporter.
  1492 | D:3      | Found a transporter.
  1532 | D:3      | Found an opulent altar of Gozag.
  1547 | D:3      | Became a worshipper of Gozag Ym Sagoz the Greedy
  1572 | D:3      | Found a shadowy altar of Dithmenos.
  1874 | D:4      | Your scales start taking on a fiery red colour.
  1874 | D:4      | Reached XP level 7. HP: 59/59 MP: 7/7
  1874 | D:4      | Gained mutation: Your flesh is heat resistant. (rF+) [Red
                  | Draconian growth]
  1964 | D:4      | Found a stormy altar of Qazlal.
  1977 | D:4      | Noticed Blork the orc
  1988 | D:4      | Killed Blork the orc
  1989 | D:4      | Reached skill level 5 in Shapeshifting
  2111 | D:4      | Found a staircase to the Ecumenical Temple.
  2138 | D:4      | Found a sacrificial altar of Ru.
  2691 | D:5      | Entered Level 5 of the Dungeon
  2707 | D:3      | Reached skill level 5 in Unarmed Combat
  2786 | D:5      | Slain by an ice beast

Illustrated notes

Levels and vault maps discovered:
D:1:      onia_arrival_pyramid, layout_basic, minmay_door_square,
          minmay_misc_feat_nine_boxes, minmay_heptomino_w4
D:2:      layout_basic, basic_ecumenical_altar, basic_altar, uniq_sigmund
D:3:      layout_rooms, nicolae_gozag_cash_rules_everything_around_me,
          cheibriados_altar_1, nicolae_dithmenos_the_darkroom, led_xom_imps,
          gammafunk_ghost_smash, serial_bayou_pond_b, uniq_jessica, uniq_ijyb
D:4:      nicolae_cairo_tiling, layout_basic,
          mainiacjoe_overflow_small_starburst, nicolae_overflow_crystal_walls,
          minmay_temple_entry_mist, uniq_blork_the_orc
D:5:      layout_rooms, overflow_temple_1_default

Skill      XL: |  1  2  3  4  5  6  7 |
---------------+----------------------+-----
Dodging        | 2 3 4 |  4.1
Fighting       | 3 4 |  4.7
Unarmed Combat | 4 5 |  5.2
Shapeshifting  | 4 5 |  5.7

Action                     |  1- 3 |  4- 6 |  7- 9 || total
---------------------------+-------+-------+-------++-------
  Melee: Unarmed           |    58 |   133 |    85 ||   276
         Tailslap          |     8 |    16 |    14 ||    38
         Punch             |     1 |     8 |     2 ||    11
Ability: Breathe Fire      |       |       |     7 ||     7
  Evoke: Wand              |       |     3 |     1 ||     4
    Use: Potion            |     1 |       |       ||     1
         Scroll            |       |     1 |     3 ||     4
   Stab: Sleeping          |     5 |       |       ||     5
 Armour: Skin              |    24 |    71 |    47 ||   142
  Dodge: Dodged            |    22 |    82 |    56 ||   160

Table legend: (Time is in decaauts)
 A = Elapsed time spent in this place.
 B = Non-inter-level travel time spent in this place.
 C = Inter-level travel time spent in this place.
 D = Time resting spent in this place.
 E = Time spent auto-exploring this place.
 F = Levels seen in this place.
 G = Mean time per level.
                   A        B        C        D        E       F      G
               +--------+--------+--------+--------+--------+-----+--------+
         Total |   2778 |   2715 |     63 |      3 |   2068 |   5 |  555.6 |
       Dungeon |   2778 |   2715 |     63 |      3 |   2068 |   5 |  555.6 |
               +--------+--------+--------+--------+--------+-----+--------+

Top non-repeatable levels by time:
     D:4: 961 daAuts
     D:1: 705 daAuts
     D:3: 582 daAuts
     D:2: 488 daAuts
     D:5: 41 daAuts
